 Dungeon Crawl Stone Soup version 0.31.0-9-g3a7656b989 (webtiles) character file.

Game seed: 5014424295673482726

737 qw the Shooter (level 7, -1/57 HPs)
             Began as a Demigod Hunter on Feb 2, 2024.
             Slain by Pikel
             ... wielding a +2 whip of freezing
              (2 damage)
             ... on level 5 of the Dungeon.
             The game lasted 00:00:08 (1990 turns).

qw the Shooter (Demigod Hunter)                     Turns: 1990, Time: 00:00:09

Health: -1/57      AC:  6    Str:  7    XL:     7   Next: 21%
Magic:  3/3        EV: 11    Int: 11    God:
Gold:   227        SH:  0    Dex: 27    Spells: 6/6 levels left

rFire   . . .        c - +10 shortbow of Havoc {antimagic, rPois Str-5 Dex+2}
rCold   . . .        (shield currently unavailable)
rNeg    . . .        f - +0 ring mail
rPois   +            (no helmet)
rElec   .            g - +0 cloak
rCorr   .            (no gloves)
SInv    .            (no boots)
Will    .....        (no amulet)
Stlth   ++           (no ring)
HPRegen 0.29/turn    (no ring)
MPRegen 0.08/turn

%: no passive effects
@: no status effects
A: high MP 1, forlorn, divine attributes
a: no special abilities


You were on level 5 of the Dungeon.
You visited 1 branch of the dungeon, and saw 5 of its levels.

You collected 227 gold pieces.


Innate Abilities, Weirdness & Mutations

You have an increased reservoir of magic. (+10% MP)
You shall have no god before yourself.
Your divine heritage dramatically boosts your attributes as you level up.


   Skills:
 - Level 3.1 Fighting
 + Level 7.4 Ranged Weapons
 - Level 1.2 Armour
 - Level 3.0 Dodging
 - Level 0.8 Stealth


You had 6 spell levels left.
You didn't know any spells.
Your spell library was empty.

Inventory:

Hand Weapons
 c - the +10 shortbow of Havoc (weapon) {antimagic, rPois Str-5 Dex+2}
   (You acquired it on level 2 of the Dungeon)

   Str-5:     It affects your strength (-5).
   Dex+2:     It affects your dexterity (+2).
   rPois:     It protects you from poison
Armour
 f - a +0 ring mail (worn)
 g - a +0 cloak (worn)
Scrolls
 a - a scroll of identify
Potions
 b - 2 potions of curing

Dungeon Overview and Level Annotations

Branches:
Dungeon (6/15)
 Temple: D:4-7

Annotations:
D:5 Pikel
D:6 3 runed translucent doors, qw's ghost, novice DjHu


Message History

You shoot an arrow. The arrow hits the lemure!
The lemure is almost dead.
You shoot an arrow. The arrow hits Pikel.
Pikel is lightly wounded.
A lemure comes into view.
You shoot an arrow. The arrow closely misses Pikel.
The arrow hits the lemure but does no damage.
Pikel hits you with a +2 whip of freezing.
Pikel freezes you.
You shoot an arrow. The arrow barely misses Pikel.
The arrow hits the lemure.
The lemure is lightly wounded.
Pikel hits you with a +2 whip of freezing.
Pikel freezes you.
Pikel hits you with a +2 whip of freezing.
Pikel freezes you.
A lemure comes into view.
You shoot an arrow. The arrow hits Pikel.
Pikel is lightly wounded.
Pikel hits you with a +2 whip of freezing!
Pikel freezes you.
You shoot an arrow.
The arrow hits Pikel but does no damage.
Pikel is lightly wounded.
Pikel closely misses you.
You shoot an arrow. The arrow closely misses Pikel.
The arrow hits the lemure!
The lemure is heavily wounded.
Pikel hits you with a +2 whip of freezing!
Pikel freezes you.
You shoot an arrow. The arrow hits Pikel!
Pikel is heavily wounded.
Pikel hits you with a +2 whip of freezing.
Pikel freezes you.
Pikel hits you with a +2 whip of freezing.
Pikel freezes you.
You shoot an arrow. The arrow hits Pikel!
Pikel is severely wounded.
Pikel hits you with a +2 whip of freezing!
Pikel freezes you.
You die...
Pikel says, "See you in Hell!"

..........#
..........###
..........>.####.
...............$.#
..........#.......
.#..####.#######.#
........# #
...?....#######.#
......#.@K55.....
......####5.###.#
.....^ ..... ..%..
K..#... ..... ...#
#. .... ...# ...#
....


You could see Pikel and 3 lemures.

Vanquished Creatures
  A water moccasin (D:6)
  An ogre (D:6)
  A black bear (D:6)
  A kobold brigand (D:6)
  2 scorpions (D:6)
  A jelly (D:6)
  A sleepcap (D:6)
  A gnoll bouda (D:6)
  An iguana (D:5)
  An orc wizard (D:6)
  3 gnolls (D:6)
  5 adders
  A dart slug (D:2)
  6 orcs
  6 endoplasms
  3 giant cockroaches (D:2)
  A goblin (D:1)
  10 hobgoblins
  5 kobolds
  5 quokkas
  6 ball pythons
  5 bats
  5 frilled lizards
  7 rats
79 creatures vanquished.

Notes
Turn   | Place    | Note
-------+----------+-------------------------------------------
     0 | D:1      | qw the Demigod Hunter began the quest for the Orb.
     0 | D:1      | Reached XP level 1. HP: 17/17 MP: 3/3
     0 | D:1      | 0 ||| qw: Version: 0.3-a-155-g5e7d8dd
     0 | D:1      | 0 ||| qw: Game counter: 347
     0 | D:1      | 0 ||| qw: Melee chars always use a shield: true
     0 | D:1      | 0 ||| qw: God list: Okawaru
     0 | D:1      | 0 ||| qw: Allow faded altars: false
     0 | D:1      | 0 ||| qw: Do Orc after clearing Dungeon:15 true
     0 | D:1      | 0 ||| qw: Do second Lair branch before Depths: true
     0 | D:1      | 0 ||| qw: Lair rune preference: random
     0 | D:1      | 0 ||| qw: Goals: Normal
     0 | D:1      | 0 ||| PLANNING D:1-11
    87 | D:1      | Reached skill level 4 in Ranged Weapons
   144 | D:1      | Reached XP level 2. HP: 24/24 MP: 4/4
   658 | D:1      | 658 ||| UPGRADING to +0 ring mail.
   668 | D:1      | 668 ||| DROPPING +0 leather armour.
   669 | D:1      | 669 ||| READING 3 scrolls labelled RYGOSTRETWA.
   670 | D:1      | 670 ||| READING scroll labelled OMYFOCSAAN.
   675 | D:1      | 675 ||| READING scroll labelled QIGGOBL MERE.
   675 | D:1      | 675 ||| IDENTIFYING viscous silvery potion
   676 | D:1      | 676 ||| DROPPING scroll of butterflies.
   677 | D:1      | 677 ||| DROPPING 2 scrolls of fear.
   678 | D:1      | 678 ||| DROPPING potion of brilliance.
   752 | D:2      | Reached XP level 3. HP: 29/29 MP: 5/5
  1027 | D:2      | Reached skill level 5 in Ranged Weapons
  1279 | D:2      | Reached XP level 4. HP: 36/36 MP: 6/6
  1440 | D:2      | 1440 ||| UPGRADING to +0 cloak.
  1445 | D:2      | 1445 ||| READING scroll labelled DIKHUOLOHU.
  1446 | D:2      | 1446 ||| READING scroll labelled BALOC CAGI.
  1447 | D:2      | 1447 ||| READING scroll labelled DOILAZE AKHLE.
  1447 | D:2      | Identified a scroll of acquirement
  1447 | D:2      | 1447 ||| ACQUIRING +10 shortbow of Havoc {antimagic, rPois
                  | Str-5 Dex+2}
  1447 | D:2      | Acquired the +10 shortbow of Havoc {antimagic, rPois Str-5
                  | Dex+2}
  1449 | D:2      | 1449 ||| SWAPPING to +10 shortbow of Havoc {antimagic,
                  | rPois Str-5 Dex+2}.
  1450 | D:2      | 1450 ||| DROPPING +0 shortbow.
  1451 | D:2      | 1451 ||| READING scroll labelled YCHELE BUMI FEZUL.
  1452 | D:2      | 1452 ||| DRINKING 2 murky purple potions.
  1480 | D:3      | Reached skill level 1 in Armour
  1528 | D:3      | You fall into a shaft and drop 3 floors!
  1541 | D:6      | Noticed a kobold brigand
  1546 | D:6      | Killed a kobold brigand
  1547 | D:6      | Reached skill level 6 in Ranged Weapons
  1547 | D:6      | Reached XP level 5. HP: 41/41 MP: 2/7
  1662 | D:6      | Reached skill level 3 in Fighting
  1686 | D:6      | Reached XP level 6. HP: 51/51 MP: 2/8
  1710 | D:6      | Found a runed translucent gate.
  1711 | D:6      | Found a runed translucent gate.
  1713 | D:6      | Found a runed translucent gate.
  1714 | D:6      | Noticed qw's ghost (novice DjHu)
  1720 | D:6      | Noticed a water moccasin
  1732 | D:6      | Killed a water moccasin
  1802 | D:6      | 1802 ||| RETREEEEATING.
  1806 | D:6      | Reached skill level 7 in Ranged Weapons
  1809 | D:6      | Reached XP level 7. HP: 17/57 MP: 3/9
  1809 | D:6      | HP: 14/57 [black bear (3)]
  1811 | D:6      | Reached skill level 3 in Dodging
  1964 | D:5      | Entered Level 5 of the Dungeon
  1979 | D:5      | Noticed Pikel
  1980 | D:5      | 1980 ||| RETREEEEATING.
  1989 | D:5      | HP: 12/57 [Pikel/+2 whip of freezing (3)]
  1990 | D:5      | HP: 1/57 [Pikel/+2 whip of freezing (8)]
  1990 | D:5      | Slain by Pikel

Levels and vault maps discovered:
D:1:      dpeg_arrival_rooms_b, layout_basic, chequers_arboretum
D:2:      kb_forest_paths, layout_basic
D:3:      layout_basic, serial_shops, shop
D:5:      layout_rooms, uniq_pikel
D:6:      minmay_evil_eye, layout_cave_pools, minmay_temple_entry_proselytizer,
          gammafunk_ghost_necromancy, st_stairs_9, serial_bayou_crossing,
          uniq_blork_the_orc

Skill      XL: |  1  2  3  4  5  6  7 |
---------------+----------------------+-----
Ranged Weapons | 4 5 6 7 |  7.4
Fighting       | 2 3 |  3.1
Dodging        | 2 3 |  3.0
Armour         | 1 |  1.2
Stealth        | |  0.8

Action                     |  1- 3 |  4- 6 |  7- 9 || total
---------------------------+-------+-------+-------++-------
   Fire: Shortbow          |   133 |    70 |    16 ||   219
    Use: Scroll            |     3 |     4 |       ||     7
         Potion            |       |     1 |       ||     1
 Armour: Leather armour    |    11 |       |       ||    11
         Ring mail         |     9 |    17 |    11 ||    37
  Dodge: Dodged            |    27 |    19 |     2 ||    48

Table legend:
 A = Non-vault XP
 B = Vault XP
 C = Vault XP percentage of total XP
 D = Non-vault monster count
 E = Vault monster count
 F = Vault count percentage of total count
                 A         B        C        D         E       F
            +---------+---------+-------+---------+---------+-------
      Total |     594 |     459 |  43.6 |      68 |      11 |  13.9
            +---------+---------+-------+---------+---------+-------
        D:1 |      42 |       0 |   0.0 |      27 |       0 |   0.0
        D:2 |      70 |      13 |  15.7 |      26 |       6 |  18.8
        D:3 |      14 |       0 |   0.0 |       1 |       0 |   0.0
        D:5 |      50 |       0 |   0.0 |       2 |       0 |   0.0
        D:6 |     418 |     446 |  51.6 |      12 |       5 |  29.4
            +---------+---------+-------+---------+---------+-------
